 Dungeon Crawl Stone Soup version 0.27-a0-988-g25969acef8 (webtiles) character file.

Game seed: 9541496945094299102

673278 robertstho the Conqueror (level 27, -4/323 HPs)
             Began as an Ogre Berserker on Apr 14, 2021.
             Was the Champion of Trog.
             Killed from afar by a Killer Klown (10 damage)
             ... with a klown pie
             ... on level 5 of the Realm of Zot on Apr 15, 2021.
             The game lasted 02:06:18 (92188 turns).

robertstho the Conqueror (Ogre Berserker)          Turns: 92188, Time: 02:06:20

Health: -4/323     AC: 32    Str: 45    XL:     27
Magic:  23/23      EV: 11    Int:  8    God:    Trog [******]
Gold:   10068      SH:  0    Dex: 14    Spells: 26/26 levels left

rFire    + + .     SeeInvis .   s - +8 battleaxe of Badab {venom, Will+ Dex+4}
rCold    + + .     Faith    .   (shield currently unavailable)
rNeg     + + .     Spirit   .   r - +12 gold dragon scales
rPois    +         Reflect  .   I - +2 hat of Kindness {+Blink}
rElec    +         Harm     .   Y - scarf {+Inv}
rCorr    .         Rampage  .   (gloves unavailable)
Will     +++++     Clarity  +   (boots unavailable) Stlth ..........Rnd*Tele +
                                P - amulet of the Four Winds {rN+ Will+++ Clar}
HPRegen  0.63/turn              M - ring "Umep" {rF++ rN+ Str+3}
MPRegen  0.18/turn              o - ring "Umeor" {rElec rC+ Str+4 Dex+2}

@: lethally poisoned (-4 -> -10), silenced, marked, fire vulnerable, unable to
read, on berserk cooldown, slowed, studying 2 skills, very slow
A: large, unfitting armour, tough skin 1, berserk 1, deformed body, teleportitis
1, inability to read while threatened
}: 3/15 runes: barnacled, silver, gossamer
a: Renounce Religion, Evoke Blink, Evoke Invisibility


You were on level 5 of the Realm of Zot.
You worshipped Trog.
Trog was exalted by your worship.
You visited 9 branches of the dungeon, and saw 49 of its levels.
You visited the Abyss 1 time.
You visited 1 bazaar.
You also visited: Bailey and Gauntlet.

You collected 15335 gold pieces.
You spent 5267 gold pieces at shops.

Inventory:

Hand Weapons
 s - the +8 battleaxe of Badab (weapon) {venom, Will+ Dex+4}
   (You acquired it on level 6 of the Lair of Beasts)

   It poisons the flesh of those it strikes.
   It affects your dexterity (+4).
   It increases your willpower.
 F - the +9 war axe of the Vulture {flame, Str+2}
   (You bought it in a shop on level 6 of the Dungeon)

   It has been specially enchanted to burn those struck by it, causing extra
   injury to most foes and up to half again as much damage against particularly
   susceptible opponents.
   Big, fiery blades are also staple armaments of hydra-hunters.
   It affects your strength (+2).
Missiles
 i - 100 large rocks (quivered)
 A - a throwing net
 J - 16 atropa-tipped darts
 L - 6 curare-tipped darts
Armour
 r - +12 gold dragon scales (worn)
 t - the +0 tower shield of Hedging {rC++ Str+4 Dex-2 Stlth+}
   (You acquired it on level 4 of the Spider Nest)

   It affects your strength (+4).
   It affects your dexterity (-2).
   It greatly protects you from cold.
   It makes you more stealthy.
 I - the +2 hat of Kindness (worn) {+Blink}
   (You found it in a Gauntlet)

   It lets you blink.
 Y - a scarf of invisibility (worn)
Jewellery
 a - a +4 ring of protection
 h - the ring of Ezxoagoa {+Blink rC+ MP-9 AC+4 SInv}
   (You found it on level 5 of the Vaults)

   [ring of protection]

   It affects your AC (+4).
   It protects you from cold.
   It affects your magic capacity (-9).
   It lets you see invisible.
   It lets you blink.
 m - the ring of Sulukits {rPois rF++ Will+ Dex-3}
   (You acquired it on level 2 of the Elven Halls)

   [ring of willpower]

   It affects your dexterity (-3).
   It greatly protects you from fire.
   It protects you from poison.
   It increases your willpower.
 o - the ring "Umeor" (right hand) {rElec rC+ Str+4 Dex+2}
   (You found it on level 5 of the Vaults)

   [ring of protection from cold]

   It affects your strength (+4).
   It affects your dexterity (+2).
   It protects you from cold.
   It insulates you from electricity.
 p - the amulet "Atucw" {Reflect Str-3 Int+2 Dex+9 SH+5 Stlth+}
   (You acquired it on level 6 of the Lair of Beasts)

   [amulet of reflection]

   It reflects blocked missile attacks.
   It affects your strength (-3).
   It affects your intelligence (+2).
   It affects your dexterity (+9).
   It affects your SH (+5).
   It makes you more stealthy.
 u - the ring of Finality {rC+ Will+ rCorr Str+3 Slay-4}
   (You found it on level 1 of the Realm of Zot)

   [ring of protection from cold]

   It affects your strength (+3).
   It affects your accuracy and damage with ranged weapons and melee attacks
   (-4).
   It protects you from cold.
   It protects you from acid and corrosion.
   It increases your willpower.
 G - the ring "Imuojyxty" {Fly rPois Will+ Int+3}
   (You took it off a deep elf annihilator on level 3 of the Elven Halls)

   [ring of willpower]

   It affects your intelligence (+3).
   It protects you from poison.
   It grants you flight.
   It increases your willpower.
 M - the ring "Umep" (left hand) {rF++ rN+ Str+3}
   (You took it off a deep elf pyromancer on level 3 of the Elven Halls)

   [ring of positive energy]

   It affects your strength (+3).
   It greatly protects you from fire.
   It protects you from negative energy.
 O - the ring "Locar" {*Slow rPois rF- rN+++ rCorr}
   (You took it off a deep elf archer on level 14 of the Dungeon)

   [ring of poison resistance]

   It makes you vulnerable to fire.
   It protects you from poison.
   It renders you almost immune to negative energy.
   It protects you from acid and corrosion.
   It may slow you when you take damage.
 P - the amulet of the Four Winds (around neck) {rN+ Will+++ Clar}
   (You found it on level 12 of the Dungeon)

   [amulet of nothing]

   It protects you from negative energy.
   It protects you against confusion.
   It greatly increases your willpower.
 Z - the ring of Onlin {rC+ Str+2}
   (You took it off a deep elf sorcerer on level 3 of the Elven Halls)

   [ring of protection from cold]

   It affects your strength (+2).
   It protects you from cold.
Wands
 w - a wand of mindburst (78)
 y - a wand of acid (38)
 z - a wand of iceblast (76)
 E - a wand of digging (33)
Scrolls
 d - 6 scrolls of fog
 e - 4 scrolls of blinking
 g - 25 scrolls of teleportation
 k - 8 scrolls of immolation
 l - 41 scrolls of identify
 q - 6 scrolls of silence
 v - 2 scrolls of holy word
 x - 9 scrolls of enchant weapon
 C - 7 scrolls of summoning
 S - 7 scrolls of fear
 T - 12 scrolls of magic mapping
Potions
 b - a potion of magic
 c - 27 potions of curing
 f - 3 potions of cancellation
 j - 4 potions of heal wounds
 n - 11 potions of attraction
 B - 12 potions of flight
 H - 5 potions of haste
 N - 5 potions of mutation
 Q - 5 potions of might
 U - 5 potions of ambrosia
 V - 4 potions of resistance
 X - 2 potions of invisibility
Miscellaneous
 D - a box of beasts
 K - a phantom mirror
 R - a condenser vane
 W - a tin of tremorstones (2/2)


   Skills:
 O Level 27 Fighting
 + Level 23.0 Axes
 + Level 1.0 Throwing
 * Level 21.5 Armour
 + Level 10.7 Dodging
 + Level 20.5 Shields
 * Level 14.9 Evocations


You had 26 spell levels left.
You didn't know any spells.
Your spell library was empty.

Dungeon Overview and Level Annotations

Branches:
Dungeon (15/15)            Temple (0/1) D:4            Lair (6/6) D:9
 Shoals (4/4) Lair:2       Spider (4/4) Lair:2        Slime (0/5) Lair:5
    Orc (2/2) D:10            Elf (3/3) Orc:2        Vaults (5/5) D:14
  Crypt (0/3) Vaults:3     Depths (5/5) D:15            Zot (5/5) Depths:5
 Bailey (visited)         Gauntlet (visited)

Altars:
Fedhas
Gozag
Kikubaaqudgha
Makhleb
Nemelex Xobeh
Ru
Trog
Uskayaw
Vehumet
Wu Jian
Xom
Zin
The Shining One
Beogh

Shops:
D:1 [   D:4 ?   D:6 *   D:11 :   D:15 *[(   Orc:1 [   Orc:2 ?(**   Shoals:4 !!
Vaults:1 !   Vaults:4 [   Zot:3 *

Portals:
Hell: Depths:1 Depths:2 Depths:3 Depths:4 Depths:5
Abyss: Depths:1 Depths:3 Depths:4
Pandemonium: Depths:3
Ziggurat: Depths:1
Trove: Elf:1 (give horn of Geryon)

Annotations:
D:6 687 axe
D:14 2 runed translucent doors
Shoals:1 3 runed translucent doors, Neecofel's ghost, adept GnDe


Innate Abilities, Weirdness & Mutations

You are too large for most types of armour.
You have tough skin. (AC +1)
You tend to lose your temper in combat.
Armour fits poorly on your strangely shaped body.
You are occasionally teleported next to monsters.
You sometimes lose the ability to read scrolls when taking damage.


Message History

The Killer Klown tickles you but does no damage.
You are poisoned.
You slash the Killer Klown!
The Killer Klown looks as sick as possible!
The Killer Klown is almost dead.
You miss something. You barely miss the Killer Klown.
You feel sick.
The Killer Klown flogs you with a +10 club.
A shadow dragon comes into view.
The Killer Klown blinks!
The Killer Klown slaps you with a +8 club of venom!
A green draconian comes into view. It is wielding a +0 scimitar.
You hear some strange, mumbled words.
A crystal spear appears from out of thin air!
The crystal spear hits you!!!!
You feel threatened and lose the ability to read scrolls!
* * * LOW HITPOINT WARNING * * *
The Killer Klown barely misses you.
The shadow dragon moves out of view.
You cannot read scrolls in your current state!
You feel sick.
The Killer Klown flogs you but does no damage.
The Killer Klown defenestrates you but does no damage.
You are more poisoned.
The Killer Klown pies you viciously! The klown pie misses you.
The klown pie hits the Killer Klown!!
Blueberry!
The Killer Klown loses the ability to speak.
The Killer Klown wrestles you but does no damage.
An Orb Guardian comes into view.
You feel much better.
You feel very sick.
The Killer Klown eye-gouges you but does no damage.
An Orb Guardian comes into view.
The Killer Klown wrestles you with a +10 club.
* * * LOW HITPOINT WARNING * * *
The Killer Klown pies you viciously! The klown pie hits you!!
Cherry!
You feel your vulnerability to fire will last longer.
* * * LOW HITPOINT WARNING * * *
The Killer Klown pies you viciously! The klown pie hits you!
Blueberry!
An unnatural silence engulfs you.
You die...

#.............*...........#.....
#.........................####..
#.........................# #..
##.......######...........# #.[
##......).# ##..........# #..
#.......))# #.Xd......^# #.^
........).########......⌠..## #..
.........)....§pppD.........###..
...............p@.X...........#..
................)X...............
.................................
.....#####......######...........
.....# #.....[## ##..........
....## #.......# ##.........
....######.......########........
................)................
..................<..............


You could see 4 Killer Klowns, a shadow dragon, a green draconian and 3 Orb
Guardians.

Vanquished Creatures
  A dread lich (Zot:4)
  2 ancient liches
  The ghost of robertstho the Conqueror, a legendary MiBe of Trog (Zot:1)
  4 orbs of fire
  Mennas (Depths:5)
  Boris (Depths:3)
  3 Killer Klowns (Zot:5)
  Bai Suzhen (Spider:3)
  Margery (Vaults:2)
  10 curse toes
  4 caustic shrikes
  11 golden dragons
  Jory (Depths:5)
  3 electric golems
  Rupert (D:15)
  14 tentacled monstrosities
  4 liches
  12 Orb Guardians
  4 titans
  A kraken (Shoals:3)
  8 quicksilver dragons
  2 deep elf master archers (Elf:3)
  3 deep elf blademasters
  The ghost of corevian the Minotaur Blade, an adept MiFi of Okawaru (Shoals:2)
  5 sphinxes
  8 death cobs
  10 tengu reavers
  11 draconian monks
  18 shadow dragons
  Roxanne (Spider:3)
  17 storm dragons
  6 fire giants
  22 vault wardens
  16 frost giants
  9 deep elf sorcerers
  3 ghost moths
  10 draconian scorchers
  An iron dragon (Depths:4)
  A balrug (Abyss:4)
  4 emperor scorpions (Spider:4)
  9 draconian shifters
  6 draconian knights
  Louise (Spider:1)
  8 draconian stormcallers
  2 spriggan defenders (Depths:3)
  29 ironbound preservers
  4 deep elf elementalists (Elf:3)
  16 very ugly things
  6 war gargoyles
  4 draconian annihilators
  A caustic shrike skeleton (Depths:3)
  16 stone giants
  19 green draconians
  A lorocyproca (Abyss:4)
  7 vampire knights
  9 yellow draconians
  13 black draconians
  8 deep elf demonologists
  4 dire elephants
  2 entropy weavers
  9 deep elf annihilators
  13 spark wasps
  A minotaur (Gauntlet)
  10 white draconians
  15 red draconians
  18 purple draconians
  Snorg (Lair:3)
  4 merfolk javelineers
  13 deep elf death magi
  17 ettins
  4 crystal guardians
  6 merfolk impalers
  21 yaktaur captains
  9 fire dragons
  2 jiangshi (Depths:1)
  9 great orbs of eyes
  2 ironbound thunderhulks
  6 deep elf high priests
  6 rakshasas
  Josephine (D:13)
  The ghost of Plog the Tainter, a journeyman DgVM (D:12)
  Harold (D:8)
  11 ice dragons
  3 boulder beetles
  33 vault guards
  3 peacekeepers
  4 merfolk avatars
  8 ironbound frosthearts
  3 alligator snapping turtles
  8 hydras
  5 spriggan air magi
  6 centaur warriors
  4 death knights
  6 two-headed ogres
  An ogre mage (Vaults:5)
  4 merfolk aquamancers
  A satyr (shapeshifter) (Elf:2)
  9 deep troll shamans
  2 death yaks (Lair:6)
  3 satyrs
  13 deep troll earth magi
  4 thrashing horrors (Abyss:4)
  24 dancing weapons
  3 vampire magi
  Urug (Lair:4)
  4 ironbound beastmasters
  A spriggan berserker (Depths:5)
  7 tengu warriors
  11 hell knights
  Sonja (Lair:4)
  2 orc high priests (Orc:2)
  15 deep elf knights
  A sun demon (Abyss:4)
  8 iron trolls
  4 soul eaters (Depths:5)
  A storm dragon skeleton (Depths:3)
  A death drake (shapeshifter) (D:15)
  2 skeletal warriors (Depths:5)
  A torturous demonspawn (Depths:3)
  13 sea snakes
  80 deep trolls
  19 deep elf archers
  4 flayed ghosts
  3 swamp dragons (shapeshifter)
  5 glowing orange brains
  14 wizards
  2 orc knights
  26 deep elf pyromancers
  12 necromancers
  17 ironbound convokers
  A lindwurm (shapeshifter) (Vaults:2)
  A sphinx zombie (Depths:5)
  2 phantasmal warriors
  37 deep elf zephyrmancers
  18 orb spiders
  A tengu skeleton (Vaults:4)
  31 wolf spiders
  10 harpies
  5 lindwurms
  An iron dragon zombie (Depths:5)
  3 orc sorcerers
  7 oklob plants
  46 ugly things
  27 moths of wrath
  20 fauns
  10 cyclopes
  16 elephants
  13 manticores
  A manticore (shapeshifter) (Vaults:5)
  5 merfolk sirens
  A salamander (D:15)
  A rust devil (Depths:3)
  A guardian serpent (shapeshifter) (D:14)
  A spriggan zombie (Depths:5)
  A stone giant zombie (Vaults:2)
  17 vault sentinels
  Maurice (D:8)
  A torpor snail (Lair:5)
  3 black mambas
  An eye of devastation (shapeshifter) (Vaults:5)
  6 water nymphs
  2 smoke demons
  A spriggan skeleton (Depths:3)
  12 cane toads
  6 freezing wraiths
  A yaktaur zombie (Vaults:2)
  The ghost of Zeld the Conjurer, a novice OpCj (D:5)
  2 minotaur zombies (Gauntlet)
  39 yaktaurs
  8 demonic crawlers
  2 efreet
  8 komodo dragons
  6 rime drakes
  A spectral glowing shapeshifter (Depths:5)
  2 tengu conjurers
  A yaktaur skeleton (Vaults:2)
  A tormentor (Depths:3)
  2 red devils (Abyss:4)
  An elf skeleton (Depths:3)
  21 merfolk
  3 meliai (Lair:5)
  5 polar bears
  7 wind drakes
  A queen bee (shapeshifter) (D:14)
  5 trolls
  5 hornets
  A shadow dragon simulacrum (Vaults:2)
  A queen bee (Lair:5)
  24 jumping spiders
  2 blink frogs (Lair:5)
  5 snapping turtles
  39 slime creatures
  4 human simulacra
  5 raiju
  4 dream sheep (Shoals:3)
  9 flying skulls (Gauntlet)
  A centaur simulacrum (D:14)
  A redback (shapeshifter) (D:14)
  3 spriggans
  3 air elementals
  2 wyverns
  24 tarantellas
  10 water elementals
  9 wraiths
  2 shadows
  52 yaks
  64 redbacks
  A large abomination (Abyss:4)
  4 basilisks
  5 fire elementals
  A steam dragon (D:6)
  A golden eye (shapeshifter) (Depths:4)
  An elf simulacrum (Depths:3)
  2 chaos spawn
  A warg (Orc:2)
  6 vampire mosquitoes
  An acid dragon (D:11)
  16 water moccasins
  A floating eye (Depths:3)
  32 orc warriors
  3 black bears
  3 ice beasts
  2 sky beasts
  6 ogres
  5 boggarts (Vaults:2)
  6 centaurs
  10 wolves
  2 human skeletons (Vaults:4)
  A phantom (D:5)
  A kobold brigand (D:6)
  2 human zombies
  13 bullfrogs
  A glowing shapeshifter simulacrum (Vaults:2)
  An earth elemental (Elf:2)
  A water moccasin zombie (D:2)
  A wyvern zombie (D:7)
  2 wyvern skeletons
  A water moccasin skeleton (D:7)
  43 killer bees
  5 wights (D:10)
  A howler monkey (D:5)
  A crimson imp (D:9)
  A quasit (Abyss:4)
  6 hounds
  32 orc priests
  A centaur skeleton (D:6)
  A bullfrog skeleton (D:5)
  2 jellies
  2 iguanas (D:5)
  38 orc wizards
  A statue (D:8)
  A lightning spire (Gauntlet)
  A howler monkey zombie (D:6)
  3 gnolls
  5 adders
  5 white imps
  An ufetubus (D:7)
  An adder skeleton (D:2)
  2 worms (D:2)
  2 dart slugs
  85 orcs
  5 ball pythons
  4 bats
  A bat zombie (D:2)
  5 endoplasms
  5 giant cockroaches
  15 goblins
  11 hobgoblins
  4 jackals
  7 quokkas
  2 ball python skeletons (D:2)
  A ball python zombie (D:2)
  5 frilled lizards
  A jackal skeleton (D:2)
  25 kobolds
  3 rats
  2 tentacles (Shoals:3)
2149 creatures vanquished.

Vanquished Creatures (collateral kills)
  An Orb Guardian (Zot:5)
  A storm dragon (Vaults:5)
  2 ghost moths (Spider:4)
  A draconian shifter (Zot:2)
  An emperor scorpion (shapeshifter) (Depths:2)
  2 emperor scorpions (Spider:4)
  A very ugly thing (Depths:2)
  2 white draconians (Zot:2)
  2 black draconians (Zot:2)
  An ettin (Depths:2)
  A fire dragon (Depths:2)
  An ice dragon (Depths:2)
  A catoblepas (Lair:6)
  A satyr (Shoals:4)
  A deep troll shaman (Depths:2)
  5 death yaks
  A dancing weapon (Elf:2)
  2 orc high priests (Orc:2)
  A glowing orange brain (shapeshifter) (Vaults:5)
  A flayed ghost (D:12)
  A deep elf archer (Elf:2)
  An orb spider (Spider:3)
  A deep elf zephyrmancer (Elf:2)
  3 fauns
  An orc sorcerer (Orc:2)
  An elephant (Lair:5)
  A torpor snail (Spider:3)
  A water nymph (Shoals:4)
  A cane toad (Lair:5)
  A demonic crawler (Spider:3)
  A komodo dragon (Lair:5)
  2 merfolk (Shoals:4)
  A jumping spider (Spider:3)
  A wind drake (Shoals:4)
  3 redbacks (Spider:3)
  2 tarantellas (Spider:4)
  A shadow (D:12)
  A wraith (D:12)
  2 orc warriors (Orc:2)
  3 killer bees (D:9)
  7 orc priests
  2 orc wizards (Orc:2)
  2 orcs
69 creatures vanquished.

Vanquished Creatures (others)
  A deep elf annihilator (Elf:3)
  A yellow draconian (Zot:2)
  A thrashing horror (Abyss:4)
  2 deep elf knights (Elf:2)
  A wizard (Elf:2)
  2 deep elf pyromancers (Elf:2)
  A manticore (Shoals:2)
  A jumping spider (Spider:2)
  A redback (Spider:4)
  29 fungi
  A lurking horror (Abyss:4)
  247 plants
  11 tentacles (Shoals:3)
299 creatures vanquished.

Grand Total: 2517 creatures vanquished

Notes
Turn   | Place    | Note
-------+----------+-------------------------------------------
     0 | D:1      | robertstho the Ogre Berserker began the quest for the Orb.
     0 | D:1      | Reached XP level 1. HP: 24/24 MP: 1/1
   237 | D:1      | Reached XP level 2. HP: 32/32 MP: 2/2
   627 | D:1      | Found Ucrikil's Armour Emporium.
   694 | D:1      | Reached XP level 3. HP: 35/40 MP: 3/3
  1307 | D:1      | Found a faded altar of an unknown god.
  1452 | D:2      | Reached ** piety under Trog
  1803 | D:2      | Reached skill level 5 in Fighting
  1803 | D:2      | Reached skill level 1 in Armour
  1803 | D:2      | Reached XP level 4. HP: 21/50 MP: 4/4
  2059 | D:2      | Reached XP level 5. HP: 32/57 MP: 5/5
  3486 | D:4      | Found a staircase to the Ecumenical Temple.
  3601 | D:4      | Found Wyeqo's Magic Scroll Boutique.
  3610 | D:4      | Bought a scroll of identify for 24 gold pieces
  3610 | D:4      | Bought a scroll of identify for 24 gold pieces
  3610 | D:4      | Bought a scroll of identify for 24 gold pieces
  3610 | D:4      | Bought a scroll of identify for 24 gold pieces
  3610 | D:4      | Bought a scroll of identify for 24 gold pieces
  3610 | D:4      | Bought a scroll of teleportation for 36 gold pieces
  3652 | D:4      | Found a glowing silver altar of Zin.
  3809 | D:4      | Reached XP level 6. HP: 62/67 MP: 6/6
  4189 | D:5      | Entered Level 5 of the Dungeon
  4337 | D:5      | Reached skill level 6 in Fighting
  4677 | D:5      | Reached skill level 5 in Axes
  4829 | D:5      | Reached XP level 7. HP: 53/76 MP: 7/7
  4958 | D:5      | Found a sacrificial altar of Ru.
  5165 | D:5      | Found a runed translucent door.
  5166 | D:5      | Noticed Zeld's ghost (novice OpCj)
  5970 | D:5      | Reached skill level 7 in Fighting
  6272 | D:5      | Killed Zeld's ghost
  6273 | D:5      | Reached XP level 8. HP: 44/88 MP: 8/8
  6481 | D:6      | Reached skill level 8 in Fighting
  7052 | D:6      | Reached *** piety under Trog
  7070 | D:6      | Found Viaggax's General Store.
  7260 | D:6      | Bought a scroll of enchant armour for 82 gold pieces
  7327 | D:4      | Bought a scroll of teleportation for 36 gold pieces
  7327 | D:4      | Bought a scroll of torment for 90 gold pieces
  7327 | D:4      | Bought a scroll of identify for 24 gold pieces
  7397 | D:6      | Reached skill level 9 in Fighting
  7639 | D:6      | Reached XP level 9. HP: 100/100 MP: 9/9
  8359 | D:7      | Reached skill level 10 in Fighting
  8609 | D:7      | Found an opulent altar of Gozag.
  8684 | D:7      | Reached skill level 5 in Dodging
  9437 | D:7      | Found an ornate altar of the Wu Jian Council.
  9578 | D:7      | Identified the +10 mace of Limov {vorpal, rPois Str+4
                  | Stlth+}
  9668 | D:8      | Reached **** piety under Trog
  9799 | D:8      | Reached skill level 11 in Fighting
  9805 | D:8      | Reached XP level 10. HP: 58/114 MP: 10/10
 10067 | D:8      | Found a glowing golden altar of the Shining One.
 10286 | D:8      | Noticed Maurice
 10320 | D:8      | Killed Maurice
 10321 | D:8      | Reached skill level 5 in Armour
 10474 | D:8      | Noticed Harold
 10484 | D:8      | Killed Harold
 10485 | D:8      | Reached skill level 12 in Fighting
 10485 | D:8      | Reached skill level 10 in Axes
 10689 | D:8      | Found a radiant altar of Vehumet.
 10898 | D:9      | Found a flagged portal.
 10917 | Bailey   | Entered a bailey
 11130 | Bailey   | Identified the +8 plate armour of Altruism {-Cast Rampage
                  | rPois}
 11238 | Bailey   | Reached XP level 11. HP: 124/124 MP: 11/11
 12016 | D:9      | Noticed a cyclops
 12017 | D:9      | Found a staircase to the Lair.
 12024 | D:9      | Killed a cyclops
 12862 | D:9      | Found a shimmering altar of Xom.
 12862 | D:9      | Found a burning altar of Makhleb.
 12983 | D:9      | Found a bloodstained altar of Trog.
 12984 | D:9      | Found an ancient bone altar of Kikubaaqudgha.
 13022 | D:9      | Noticed a boulder beetle
 13046 | D:9      | Killed a boulder beetle
 13056 | D:9      | Reached skill level 13 in Fighting
 13449 | D:6      | Bought the +9 war axe of the Vulture {flame, Str+2} for 687
                  | gold pieces
 13510 | D:10     | Entered Level 10 of the Dungeon
 13528 | D:10     | Found a sparkling altar of Nemelex Xobeh.
 13587 | D:10     | Found a staircase to the Orcish Mines.
 14233 | D:10     | Noticed a two-headed ogre
 14243 | D:10     | Killed a two-headed ogre
 14520 | D:10     | Found a hide-covered altar of Uskayaw.
 14947 | D:11     | Found Qamuduqi's Book Shop.
 15001 | D:11     | Found a gate leading to a gauntlet.
 15012 | Gauntlet | Entered a Gauntlet
 15012 | Gauntlet | Found a transporter.
 15015 | Gauntlet | Found a transporter.
 15018 | Gauntlet | Found a transporter.
 15019 | Gauntlet | Found a transporter.
 15022 | Gauntlet | Found a transporter.
 15023 | Gauntlet | Found a transporter.
 15025 | Gauntlet | Noticed a sixfirhy
 15025 | Gauntlet | Noticed a sixfirhy
 15027 | Gauntlet | Noticed a sixfirhy
 15029 | Gauntlet | Noticed a sixfirhy
 15032 | Gauntlet | Found a transporter.
 15032 | Gauntlet | Found a transporter.
 15052 | Gauntlet | Found a transporter.
 15052 | Gauntlet | Noticed a dire elephant
 15069 | Gauntlet | Found a transporter.
 15074 | Gauntlet | Noticed a harpy
 15081 | Gauntlet | Found a transporter.
 15081 | Gauntlet | a harpy changed into a golden eye
 15085 | Gauntlet | Noticed a wolf spider
 15085 | Gauntlet | a slime creature changed into a wolf spider
 15088 | Gauntlet | Noticed an ice dragon
 15088 | Gauntlet | a wolf spider changed into an ice dragon
 15089 | Gauntlet | Noticed a boulder beetle
 15089 | Gauntlet | an ice dragon changed into a boulder beetle
 15092 | Gauntlet | Noticed an ettin
 15092 | Gauntlet | a boulder beetle changed into an ettin
 15095 | Gauntlet | Noticed a great orb of eyes
 15095 | Gauntlet | an ettin changed into a great orb of eyes
 15101 | Gauntlet | Found a transporter.
 15105 | Gauntlet | Noticed a goliath frog
 15105 | Gauntlet | a great orb of eyes changed into a goliath frog
 15106 | Gauntlet | a goliath frog changed into a slime creature
 15107 | Gauntlet | Noticed a bunyip
 15107 | Gauntlet | a slime creature changed into a bunyip
 15108 | Gauntlet | Noticed an ice dragon
 15108 | Gauntlet | a bunyip changed into an ice dragon
 15111 | Gauntlet | Noticed a wolf spider
 15111 | Gauntlet | an ice dragon changed into a wolf spider
 15113 | Gauntlet | Noticed a harpy
 15113 | Gauntlet | a yaktaur changed into a harpy
 15113 | Gauntlet | a wolf spider changed into a water nymph
 15114 | Gauntlet | Noticed a glowing shapeshifter
 15114 | Gauntlet | a water nymph changed into a glowing shapeshifter
 15115 | Gauntlet | a glowing shapeshifter changed into a merfolk
 15597 | Gauntlet | Identified the +2 hat of Kindness {+Blink}
 15688 | Gauntlet | Noticed a minotaur
 15699 | Gauntlet | Killed a minotaur
 15700 | Gauntlet | Reached skill level 14 in Fighting
 15700 | Gauntlet | Reached XP level 12. HP: 55/139 MP: 12/12
 15706 | Gauntlet | Identified the +3 pair of gloves of Liehys {Int+5}
 16333 | D:11     | Reached ***** piety under Trog
 18025 | D:12     | Noticed a centaur warrior
 18033 | D:12     | Killed a centaur warrior
 18090 | D:12     | Found a runed translucent gate.
 18091 | D:12     | Found a runed translucent gate.
 18092 | D:12     | Found a runed translucent gate.
 18097 | D:12     | Noticed Plog's ghost (journeyman DgVM)
 18262 | D:12     | Noticed a two-headed ogre
 18267 | D:12     | Killed a two-headed ogre
 18599 | D:12     | Found the amulet of the Four Winds {rN+ Will+++ Clar}
 18784 | D:12     | Reached skill level 15 in Fighting
 18793 | D:12     | Killed Plog's ghost
 18865 | D:13     | Noticed Josephine
 18868 | D:13     | Noticed a two-headed ogre
 18871 | D:13     | Noticed a centaur warrior
 18877 | D:13     | Killed Josephine
 18886 | D:13     | Killed a centaur warrior
 18887 | D:13     | Reached XP level 13. HP: 127/150 MP: 13/13
 18887 | D:13     | Received a gift from Trog
 19926 | Lair:1   | Entered Level 1 of the Lair of Beasts
 19980 | Lair:1   | Reached skill level 16 in Fighting
 21084 | Lair:2   | You fall into a shaft and drop 1 floor!
 21353 | Lair:3   | Found a blossoming altar of Fedhas.
 21599 | Lair:3   | Noticed Snorg
 21616 | Lair:3   | Killed Snorg
 22205 | Lair:4   | Noticed Sonja
 22223 | Lair:4   | Killed Sonja
 22550 | Lair:4   | Noticed Urug
 22561 | Lair:4   | Killed Urug
 22562 | Lair:4   | Reached skill level 17 in Fighting
 23383 | Lair:5   | Reached XP level 14. HP: 158/166 MP: 14/14
 24487 | Lair:5   | Found a staircase to the Slime Pits.
 24500 | Lair:5   | Reached skill level 18 in Fighting
 25032 | Lair:6   | Entered Level 6 of the Lair of Beasts
 25035 | Lair:6   | Identified 2 scrolls of acquirement
 25038 | Lair:6   | Acquired the amulet "Atucw" {Reflect Str-3 Int+2 Dex+9 SH+5
                  | Stlth+}
 25040 | Lair:6   | Acquired the +8 battleaxe of Badab {venom, Will+ Dex+4}
 25070 | Lair:6   | Reached skill level 15 in Axes
 25564 | Lair:6   | Noticed a dire elephant
 26319 | Lair:6   | Received a gift from Trog
 27604 | Lair:6   | Killed a dire elephant
 27605 | Lair:6   | Reached XP level 15. HP: 179/179 MP: 15/15
 28283 | Lair:2   | Found a hole to the Spider Nest.
 28290 | Lair:2   | Reached skill level 19 in Fighting
 28702 | Lair:2   | Found a staircase to the Shoals.
 29464 | Orc:1    | Entered Level 1 of the Orcish Mines
 29736 | Orc:1    | Found Nupnoapu's Armour Emporium.
 30307 | Orc:2    | Entered Level 2 of the Orcish Mines
 30381 | Orc:2    | Received a gift from Trog
 30614 | Orc:2    | Found a staircase to the Elven Halls.
 30757 | Orc:2    | Reached ****** piety under Trog
 31127 | Orc:2    | Found Cuhenin's Weapon Boutique.
 31127 | Orc:2    | Found Med Ecim's Assorted Antiques.
 31128 | Orc:2    | Found Mathauk's Assorted Antiques.
 31132 | Orc:2    | Found Voeliaz's Magic Scroll Boutique.
 31137 | Orc:2    | Bought a scroll of identify for 60 gold pieces
 31139 | Orc:2    | Bought a scroll of teleportation for 93 gold pieces
 31141 | Orc:2    | Bought a scroll of identify for 32 gold pieces
 31141 | Orc:2    | Bought a scroll of amnesia for 56 gold pieces
 31141 | Orc:2    | Bought a scroll of magic mapping for 56 gold pieces
 31141 | Orc:2    | Bought a scroll of identify for 32 gold pieces
 31182 | Orc:2    | Acquired the +1 storm dragon scales "Xuqoupith" {*Slow
                  | rElec rPois Will+++ SInv}
 32495 | D:14     | Received a gift from Trog
 32590 | D:14     | Found a gate to the Vaults.
 32848 | D:14     | Found a runed translucent door.
 32851 | D:14     | Found a runed translucent door.
 33006 | D:14     | Identified the ring "Tymir" {Int+8 SInv}
 33029 | D:14     | Identified the ring "Locar" {*Slow rPois rF- rN+++ rCorr}
 33033 | D:14     | Identified the ring "Deskel" {Ice rN+ Will++ Str-2}
 33318 | D:14     | Identified the amulet "Ixtophix" {RegenMP Int+4}
 33671 | Spider:1 | Entered Level 1 of the Spider Nest
 33698 | Spider:1 | Reached skill level 10 in Armour
 33913 | Spider:1 | Reached skill level 20 in Fighting
 33925 | Spider:1 | Noticed Louise
 33958 | Spider:1 | Killed Louise
 34461 | Spider:1 | Reached XP level 16. HP: 164/180 MP: 16/16
 35829 | Spider:2 | Reached skill level 1 in Shields
 37509 | Spider:3 | Identified Roxanne's Papyrus of Moulding
 37509 | Spider:3 | Noticed Roxanne
 37547 | Spider:3 | Noticed Bai Suzhen
 37569 | Spider:2 | Received a gift from Trog
 37943 | Spider:3 | Killed Bai Suzhen
 38962 | Spider:3 | Killed Roxanne
 39154 | Spider:4 | Entered Level 4 of the Spider Nest
 39378 | Spider:4 | Reached skill level 21 in Fighting
 39787 | Spider:4 | Reached XP level 17. HP: 198/205 MP: 17/17
 40379 | Spider:4 | Reached skill level 5 in Shields
 40684 | Spider:4 | Got a gossamer rune of Zot
 40767 | Spider:4 | Acquired the +0 tower shield of Hedging {rC++ Str+4 Dex-2
                  | Stlth+}
 40906 | Shoals:1 | Entered Level 1 of the Shoals
 41648 | Shoals:1 | Found a runed translucent gate.
 41658 | Shoals:1 | Found a runed translucent gate.
 41659 | Shoals:1 | Found a runed translucent gate.
 41660 | Shoals:1 | Noticed Neecofel's ghost (adept GnDe)
 42584 | Shoals:2 | Found a runed translucent door.
 42719 | Shoals:2 | Reached skill level 1 in Evocations
 43770 | Shoals:2 | Noticed corevian's ghost (adept MiFi)
 43793 | Shoals:2 | Killed corevian's ghost
 44061 | Shoals:3 | Received a gift from Trog
 44952 | Shoals:3 | Noticed a kraken
 44973 | Shoals:3 | Killed a kraken
 45245 | Shoals:3 | Acquired 725 gold pieces
 45247 | Shoals:3 | Acquired 1109 gold pieces
 45312 | Shoals:4 | Entered Level 4 of the Shoals
 45325 | Shoals:4 | Reached skill level 22 in Fighting
 45325 | Shoals:4 | Reached XP level 18. HP: 148/218 MP: 18/18
 45702 | Shoals:4 | Found Kiampuam's Armour Emporium.
 45702 | Shoals:4 | Found Ceuzayz's Distillery.
 45776 | Shoals:4 | Bought a potion of heal wounds for 105 gold pieces
 45776 | Shoals:4 | Bought a potion of heal wounds for 105 gold pieces
 45776 | Shoals:4 | Bought a potion of curing for 63 gold pieces
 45945 | Shoals:4 | Received a gift from Trog
 46235 | Shoals:4 | Identified the +3 leather armour "Udainyt" {rPois Int+2}
 46700 | Shoals:4 | Got a barnacled rune of Zot
 47376 | Shoals:4 | Found Vezxubiw's Distillery.
 47413 | Shoals:4 | Bought a potion of curing for 51 gold pieces
 47413 | Shoals:4 | Bought 2 potions of haste for 340 gold pieces
 47413 | Shoals:4 | Bought a potion of curing for 51 gold pieces
 47413 | Shoals:4 | Bought a potion of experience for 850 gold pieces
 47413 | Shoals:4 | Bought a potion of curing for 51 gold pieces
 47413 | Shoals:4 | Bought a potion of curing for 51 gold pieces
 47413 | Shoals:4 | Reached skill level 1 in Throwing
 47413 | Shoals:4 | Reached XP level 19. HP: 228/228 MP: 19/19
 48012 | Elf:1    | Entered Level 1 of the Elven Halls
 48051 | Elf:1    | Found a portal to a secret trove of treasure.
 48728 | Elf:1    | Received a gift from Trog
 48747 | Elf:1    | Identified the Collected Works on Confrontation
 49325 | Elf:2    | Noticed a Hell Sentinel
 49339 | Elf:2    | Reached skill level 23 in Fighting
 49515 | Elf:2    | Reached skill level 5 in Evocations
 49767 | Elf:2    | Identified the Catalogue of Combed Thunderclap
 49864 | Elf:2    | Received a gift from Trog
 49865 | Elf:2    | Found a runed translucent gate.
 49865 | Elf:2    | Found a runed translucent gate.
 49865 | Elf:2    | Found a runed translucent gate.
 50000 | Elf:2    | Reached XP level 20. HP: 240/240 MP: 20/20
 50890 | Elf:2    | Cast into level 4 of the Abyss (+0 battleaxe of distortion)
 51095 | Abyss:4  | Found a corrupted altar of Lugonu.
 51131 | Elf:2    | Escaped the Abyss
 51427 | Elf:2    | Acquired 1086 gold pieces
 51536 | Elf:2    | Received a gift from Trog
 51550 | Elf:2    | Reached skill level 10 in Shields
 51563 | Elf:2    | Acquired the ring of Sulukits {rPois rF++ Will+ Dex-3}
 51771 | Elf:3    | Entered Level 3 of the Elven Halls
 52264 | Elf:3    | Identified the ring "Umep" {rF++ rN+ Str+3}
 53459 | Elf:3    | Noticed a Tzitzimitl
 53505 | Elf:3    | Received a gift from Trog
 53533 | Elf:3    | Identified the +10 demon trident "Natax" {venom, Dex+3}
 53533 | Elf:3    | Identified the ring "Imuojyxty" {Fly rPois Will+ Int+3}
 53726 | Elf:3    | Reached XP level 21. HP: 240/252 MP: 21/21
 53921 | Elf:3    | Identified the ring of Onlin {rC+ Str+2}
 53988 | Elf:3    | Identified the +7 hand crossbow "Watt" {flame, Fly rC-
                  | Stlth+}
 54462 | Vaults:1 | Entered Level 1 of the Vaults
 54473 | Vaults:1 | Reached skill level 24 in Fighting
 55727 | Vaults:1 | Found Mymuu's Distillery.
 55736 | Vaults:1 | Received a gift from Trog
 55742 | Vaults:1 | Bought a potion of curing for 54 gold pieces
 55742 | Vaults:1 | Bought a potion of invisibility for 144 gold pieces
 55742 | Vaults:1 | Bought a potion of curing for 54 gold pieces
 55742 | Vaults:1 | Bought a potion of invisibility for 144 gold pieces
 55742 | Vaults:1 | Bought 2 potions of curing for 108 gold pieces
 55742 | Vaults:1 | Bought a potion of curing for 54 gold pieces
 55742 | Vaults:1 | Bought a potion of invisibility for 144 gold pieces
 56973 | Vaults:2 | Noticed Margery
 56988 | Vaults:2 | Killed Margery
 57617 | Vaults:2 | Received a gift from Trog
 57922 | Vaults:2 | Reached XP level 22. HP: 265/265 MP: 22/22
 58057 | Vaults:2 | Reached skill level 25 in Fighting
 60110 | Vaults:3 | Reached skill level 10 in Dodging
 60464 | Vaults:3 | Received a gift from Trog
 61238 | Vaults:3 | Found a staircase to the Crypt.
 62361 | Vaults:4 | Reached XP level 23. HP: 279/279 MP: 23/23
 62430 | Vaults:4 | Reached skill level 26 in Fighting
 62586 | Vaults:4 | Found a gateway to a bazaar.
 62591 | Vaults:4 | Received a gift from Trog
 62598 | Bazaar   | Entered a bazaar
 62625 | Bazaar   | Found Kufroik's Jewellery Emporium.
 62641 | Bazaar   | Found Lasm's Antique Weapon Emporium.
 62641 | Bazaar   | Found Juymiwn's Armour Shoppe.
 62663 | Bazaar   | Found Axoag's Distillery.
 62668 | Bazaar   | Bought a potion of heal wounds for 95 gold pieces
 62668 | Bazaar   | Bought a potion of heal wounds for 95 gold pieces
 62668 | Bazaar   | Bought a potion of curing for 57 gold pieces
 62668 | Bazaar   | Bought a potion of heal wounds for 95 gold pieces
 62733 | Bazaar   | Bought a +4 ring of protection for 576 gold pieces
 62992 | Vaults:4 | Upgraded the game from 0.27-a0-978-g2aa4ecdaef to
                  | 0.27-a0-988-g25969acef8
 63417 | Vaults:4 | Found Raupew's Antique Armour Shop.
 63453 | Vaults:4 | Bought a runed scarf for 336 gold pieces
 63573 | Vaults:4 | Received a gift from Trog
 63577 | Vaults:4 | Reached skill level 15 in Armour
 64702 | Vaults:5 | Entered Level 5 of the Vaults
 65809 | Vaults:5 | Received a gift from Trog
 66414 | Vaults:5 | Reached XP level 24. HP: 292/292 MP: 23/23
 66731 | Vaults:5 | Identified the +10 quarterstaff "Konuc" {elec, rN+ Str+4}
 66759 | Vaults:5 | Reached skill level 10 in Evocations
 66769 | Vaults:5 | Reached skill level 27 in Fighting
 67527 | Vaults:5 | Identified the Grimoire of Conjuration and Creation
 67604 | Vaults:5 | Identified the amulet "Xadyurha" {Regen+ Dex+5}
 67615 | Vaults:5 | Received a gift from Trog
 67817 | Vaults:5 | Found the +13 scythe of Curses {drain, Drain}
 67853 | Vaults:5 | Found the +8 trident of the Octopus King {venom, rElec
                  | rPois Will+}
 67854 | Vaults:5 | Identified the ring "Umeor" {rElec rC+ Str+4 Dex+2}
 67861 | Vaults:5 | Identified the +11 chain mail of Optimism {+Blink +Inv
                  | rElec}
 67863 | Vaults:5 | Identified the ring of Ezxoagoa {+Blink rC+ MP-9 AC+4 SInv}
 69071 | Vaults:5 | Got a silver rune of Zot
 69122 | Vaults:5 | Reached skill level 15 in Shields
 69697 | D:15     | Entered Level 15 of the Dungeon
 69765 | D:15     | Received a gift from Trog
 69771 | D:15     | Found Cyllag's General Store.
 69871 | D:15     | Found Jiwupn's Weapon Shop.
 69989 | D:15     | Noticed Rupert
 70005 | D:15     | Killed Rupert
 70741 | D:15     | Found Wiqi's Antique Armour Shop.
 70771 | D:15     | Found a staircase to the Depths.
 71031 | Depths:1 | Entered Level 1 of the Depths
 71410 | Depths:1 | Reached XP level 25. HP: 295/304 MP: 23/23
 71952 | Depths:1 | Found a gateway to a ziggurat.
 72217 | Depths:1 | Found a gateway to Hell.
 72320 | Depths:1 | Acquired 907 gold pieces
 72322 | Depths:1 | Acquired 608 gold pieces
 72417 | Depths:1 | Found a one-way gate to the infinite horrors of the Abyss.
 72546 | Depths:1 | Received a gift from Trog
 72554 | Depths:1 | Identified the +3 dagger "Ramos" {venom, rPois Str+2 Dex+3}
 74058 | Depths:2 | Received a gift from Trog
 75715 | Orc:2    | Bought a scroll of blinking for 120 gold pieces
 75715 | Orc:2    | Bought a scroll of enchant armour for 120 gold pieces
 76129 | Depths:3 | Noticed Boris
 76144 | Depths:3 | Received a gift from Trog
 76145 | Depths:3 | Killed Boris
 76155 | Depths:3 | Reached XP level 26. HP: 275/314 MP: 23/23
 76460 | Depths:3 | Found a one-way gate leading to the halls of Pandemonium.
 78964 | Depths:5 | Entered Level 5 of the Depths
 79008 | Depths:5 | Received a gift from Trog
 79305 | Depths:5 | Noticed Mennas
 79334 | Depths:5 | Killed Mennas
 79779 | Depths:5 | Noticed Jory
 79804 | Depths:5 | Killed Jory
 79873 | Depths:5 | Noticed an ancient lich
 79884 | Depths:5 | Killed an ancient lich
 79916 | Depths:5 | Reached XP level 27. HP: 262/323 MP: 23/23
 79947 | Depths:5 | Received a gift from Trog
 80362 | Depths:5 | Found a sacrificial altar of Ru.
 80732 | Depths:5 | Found a gate to the Realm of Zot.
 80946 | Zot:1    | Entered Level 1 of the Realm of Zot
 81368 | Zot:1    | Found a runed translucent door.
 81369 | Zot:1    | Found a shimmering altar of Xom.
 81369 | Zot:1    | Noticed robertstho's ghost (legendary MiBe)
 81773 | Zot:1    | Killed robertstho's ghost
 81774 | Zot:1    | Identified the +8 great mace of the Ageing Ancients {pain,
                  | rC+ Int+4 Dex+3}
 81777 | Zot:1    | Identified the ring of Finality {rC+ Will+ rCorr Str+3
                  | Slay-4}
 82746 | Zot:2    | Received a gift from Trog
 84120 | Zot:2    | Received a gift from Trog
 84538 | Zot:2    | Acquired 312 gold pieces
 85627 | Zot:3    | Found Eriat's Changing Room.
 87467 | Zot:3    | Received a gift from Trog
 87468 | Zot:3    | Noticed an orb of fire
 87483 | Zot:3    | Gained mutation: You sometimes lose the ability to read
                  | scrolls when taking damage. [an orb of fire]
 88077 | Zot:3    | Killed an orb of fire
 89542 | Zot:4    | Received a gift from Trog
 89963 | Zot:5    | Entered Level 5 of the Realm of Zot
 90594 | Zot:5    | Acquired a manual of Dodging
 90648 | Zot:5    | Noticed a dread lich
 90652 | Zot:5    | Noticed an ancient lich
 90663 | Zot:5    | HP: 10/323 [death cob (14)]
 91168 | Zot:5    | Killed an ancient lich
 91187 | Zot:4    | Killed a dread lich
 92138 | Zot:5    | Noticed an orb of fire
 92142 | Zot:5    | Gained mutation: Armour fits poorly on your strangely
                  | shaped body. [an orb of fire]
 92143 | Zot:5    | Noticed an orb of fire
 92150 | Zot:5    | Noticed an orb of fire
 92155 | Zot:5    | Gained mutation: You are occasionally teleported next to
                  | monsters. [an orb of fire]
 92161 | Zot:5    | Killed an orb of fire
 92164 | Zot:5    | Killed an orb of fire
 92173 | Zot:5    | Gained mutation: You tend to lose your temper in combat.
                  | [an orb of fire]
 92174 | Zot:5    | Killed an orb of fire
 92176 | Zot:5    | Noticed an ancient lich
 92188 | Zot:5    | HP: 6/323 [Killer Klown/klown pie (23)]
 92188 | Zot:5    | Killed from afar by a Killer Klown

Illustrated notes

Levels and vault maps discovered:
D:1:      minmay_arrival_four_loops, layout_basic,
          hellmonk_ecumenical_altar_leap_of_faith, serial_shops, shop
D:2:      layout_rooms, serial_undead, serial_undead_c, serial_undead_a,
          serial_undead_a, serial_undead_a
D:3:      layout_loops_ring
D:4:      layout_basic, zin_academy, minmay_temple_entry_stoned_glass,
          serial_shops, shop, minmay_misc_feat_columns,
          minmay_fractal_squares_diagonal_5
D:5:      kennysheep_six_static_rooms, layout_layer_cave,
          general_overflow_altar, gammafunk_ghost_grave
D:6:      minmay_flawed_box, layout_cave_pools, serial_shops, shop, st_stairs_14
D:7:      layout_rooms, pf_just_have_faith, pdpol_wu_jian_five_deadly_venoms,
          kennysheep_dice
D:8:      layout_cave_pools, vehumet_statue, nicolae_overflow_crystal_walls,
          uniq_maurice, uniq_harold
D:9:      layout_basic, grunt_temple_overflow_champion_of_chaos,
          gammafunk_temple_overflow_statue, lair_entry_dummy, enter_bailey_5,
          corexii_corridor_pit, grunt_decor_fettered, serial_bayou_pond_e
D:10:     layout_roguey, overflow_temple_1_default, old_standard_altar,
          david_orc_3
D:11:     layout_basic, special_room [special_room_orc], serial_shops,
          nicolae_shop_trees, portal_ice_cave_rime, gauntlet_entry_generic
D:12:     layout_loops_corners, serial_glass, glass_columns_b, glass_columns_b,
          gammafunk_ghost_spectres
D:13:     layout_basic, uniq_josephine
D:14:     minmay_the_grid_triangle_9x9_line_8_mashed
          [minmay_the_grid_triangle_9x9_dagger,
          minmay_the_grid_triangle_9x9_corruption,
          minmay_the_grid_triangle_9x9_zippers_vertical,
          minmay_the_grid_triangle_9x9_tough_junction,
          minmay_the_grid_triangle_9x9_swiss_cheese,
          minmay_the_grid_triangle_9x9_pentomino_pain,
          minmay_the_grid_triangle_9x9_minimal,
          minmay_the_grid_triangle_9x9_prize_special], layout_basic,
          david_vaults_2, minivault_27, minmay_misc_feat_four_crosses,
          hangedman_decor_clover_reticule
D:15:     hangedman_depths_entry_try_elsewhere_first, layout_basic,
          interstate_on_off, serial_shops, shop, nicolae_shop_behind_doors,
          nicolae_shop_statue_plus, uniq_rupert
Lair:1:   layout_regular_city, serial_bayou_shore_a
Lair:2:   layout_regular_city, minmay_shoals_entry_beasts,
          spider_nest_entry_funnel_web, lemuel_fruit_tree
Lair:3:   layout_misc_corridors, hangedman_tree_tricks, minmay_hedge_maze,
          infiniplex_staircase_pool_2, uniq_snorg
Lair:4:   layout_long_grid, uniq_urug, uniq_sonja
Lair:5:   regret_index_combs_of_tragedy, layout_cave_pods,
          minmay_slime_entry_oklob_open, minmay_holes, lemuel_fruit_fields
Lair:6:   grunt_lair_end_beastmaster, layout_concentric_octagons,
          grunt_megastairs_3, infiniplex_staircase_pool
Shoals:1: layout_shoals, gammafunk_ghost_tricky_traps
Shoals:2: layout_shoals, ebering_ghost_reflecting_pool, argonaut_gorgonesque
Shoals:3: layout_shoals
Shoals:4: shoals_end_grunt_garden, layout_shoals, serial_shops, shop,
          nicolae_shop_crystal, nicolae_shop_window_shopping
Spider:1: layout_chambers, uniq_louise
Spider:2: layout_spider_delve
Spider:3: layout_spider_delve, uniq_roxanne, uniq_bai_suzhen
Spider:4: grunt_spider_rune_circles
Orc:1:    layout_diamond_mine, serial_shops, nicolae_shop_window_shopping
Orc:2:    st_orc_mages, layout_diamond_mine
Elf:1:    eino_elf_arrival_sip, layout_geoelf_octagon, enter_trove_2,
          minmay_elf_annihilation
Elf:2:    layout_loops_ring, corexii_hall_statues_i, bh_hangedman_babel_library
Elf:3:    grunt_elf_hall_asides, layout_loops_cross,
          nicolae_elf_glass_and_crystal_pillar_2
Vaults:1: nicolae_vaults_rhombus_7, nicolae_vaults_mini_display_case,
          ontoclasm_vaults_idyll, nicolae_vaults_alarming,
          nicolae_vaults_hallways_thing, nicolae_vaults_border_crossing,
          nicolae_vaults_three_branches, vaults_room_corners,
          ontoclasm_vaults_eye, layout_vaults_omnigrid, serial_shops,
          nicolae_shop_trees
Vaults:2: nicolae_vaults_sealed_display, nicolae_vaults_stairing_the_circle,
          nicolae_vaults_asterisk, vaults_mumra_hex, vaults_dpeg_diagonal,
          nicolae_vaults_network_periphery, nicolae_vaults_shelves_hall,
          vaults_room_door_hall, st_cross, vaults_room_pools, v_misc_32,
          nicolae_vaults_little_squares_6, layout_vaults_omnicross, uniq_margery
Vaults:3: nicolae_vaults_rhombus_5, ontoclasm_vaults_tryst, v_misc_19,
          v_misc_14, nicolae_vaults_big_ls, nicolae_vaults_network_s,
          nicolae_vaults_c_with_doors, v_misc_14, blue_anna_dwarven_crypt,
          dpeg_vaults_monster_box, layout_vaults_chaotic_city
Vaults:4: vaults_mumra_chevron_long, ontoclasm_vaults_shout, serial_ice_b,
          vaults_dpeg_hooks, v_alt_pattern_4, v_pattern_4, hangedman_vaults_hat,
          v_misc_5, nicolae_vaults_little_squares_4, v_misc_8,
          ontoclasm_vaults_pinch, nicolae_vaults_little_ls,
          vaults_room_mumra_shop_pool, grunt_vaults_funnel, layout_vaults_ring,
          serial_shops, bzr_entry_dummy
Vaults:5
Depths:1: layout_long_grid, enter_ziggurat_b, nicolae_sextant,
          abyss_entry_glasseish, hell_entry, st_stairs_9,
          chequers_serial_rivers_small_3, grunt_decor_cap,
          minmay_misc_feat_more_columns, minmay_statues_item,
          kennysheep_kite_vault
Depths:2: four-leaf_vault, layout_honeycomb, hell_entry,
          chequers_serial_rivers_large_a, abyss_entry_small_statue_room
Depths:3: minmay_cut_squares, layout_honeycomb, hangedman_tar_grid_catacomb,
          abyss_entry, rand_demon_pan_entry_7, serial_sigils_hangedman_snap,
          minmay_staircase_bubble, uniq_boris
Depths:4: hangedman_cross_veins, layout_gridlike, abyss_entry,
          grunt_hell_entry_dis_old, hangedman_glass_teeth
Depths:5: grunt_zot_entry_pinwheel, layout_cave_shapes, hell_entry,
          nicolae_ru_the_path_less_chosen, special_room [special_room_morgue],
          corexii_leaking_fountain, uniq_jory, uniq_mennas
Zot:1:    layout_gridville, ebering_ghost_xom
Zot:2:    layout_misc_corridors, zot_minivault_4
Zot:3:    grunt_deathspiral_small, layout_concentric_octagons,
          nicolae_lava_and_water, nicolae_transmutations_shop, st_stairs_14
Zot:4:    layout_basic
Zot:5:    layout_onion

Skill      XL: |  1  2  3  4  5  6  7  8  9 10 11 12 13 14 15 16 17 18 19 20 21 22 23 24 25 26 27 |
---------------+----------------------------------------------------------------------------------+-----
Dodging        | 3 4 5 6 7 8 9 10 | 10.7
Fighting       | 5 6 7 9 11 12 14 15 17 18 20 21 22 23 24 25 26 27 | 27.0
Armour         | 1 2 3 4 5 6 7 8 9 10 11 12 13 14 15 16 17 18 21 | 21.5
Axes           | 4 5 6 7 8 10 12 13 14 15 16 17 18 19 20 21 23 | 23.0
Shields        | 4 7 8 9 10 12 13 14 15 16 18 20 | 20.5
Evocations     | 2 4 5 6 7 8 9 10 11 12 14 | 14.9
Throwing       | 1 |  1.0

Action                   |  1- 3 |  4- 6 |  7- 9 | 10-12 | 13-15 | 16-18 | 19-21 | 22-24 | 25-27 || total
-------------------------+-------+-------+-------+-------+-------+-------+-------+-------+-------++-------
Melee: Hand axe          |   127 |   225 |   202 |       |       |       |       |       |       ||   554
       Battleaxe         |       |       |    40 |   180 |   493 |       |       |       |   244 ||   957
       War axe           |       |       |       |   216 |   391 |   913 |   997 |  1282 |  1666 ||  5465
Invok: Berserk           |     1 |     2 |    13 |    15 |    12 |    13 |    10 |    11 |    22 ||    99
       Trog's Hand       |       |     1 |     1 |     2 |     3 |     4 |     3 |     1 |     1 ||    16
       Brothers in Arms  |       |       |       |     3 |     6 |     8 |     6 |     1 |     5 ||    29
Evoke: Wand              |       |       |       |     7 |     2 |     4 |       |       |     1 ||    14
       Condenser vane    |       |       |       |       |       |       |       |       |     1 ||     1
  Use: Scroll            |       |     8 |     4 |     5 |    16 |     5 |     6 |       |    21 ||    65
       Potion            |       |       |     1 |     2 |     1 |     1 |     3 |       |     9 ||    17
 Stab: Sleeping          |       |     1 |       |       |       |       |       |       |       ||     1
       Petrifying        |       |       |       |       |     4 |       |       |       |       ||     4
       Distracted        |       |       |       |       |       |       |       |     1 |     1 ||     2
       Confused          |       |       |       |       |       |       |       |       |     3 ||     3
       Invisible         |       |       |       |       |       |       |       |       |     1 ||     1
Armor: Animal skin       |    34 |    81 |    30 |       |       |       |       |       |       ||   145
       Robe              |       |       |    70 |    62 |       |       |       |       |       ||   132
       Acid dragon scale |       |       |       |    57 |   323 |       |       |       |       ||   380
       Storm dragon scal |       |       |       |       |   113 |   572 |   199 |   264 |   106 ||  1254
       Gold dragon scale |       |       |       |       |       |       |       |       |   693 ||   693
Dodge: Dodged            |    73 |   129 |   127 |   235 |   474 |   354 |   231 |   269 |   418 ||  2310
Block: Tower shield      |       |       |       |       |    19 |  1092 |  1006 |  1333 |  1810 ||  5260
       Reflection        |       |       |       |       |       |   113 |   112 |    91 |    27 ||   343

Table legend: (Time is in decaauts)
 A = Elapsed time spent in this place.
 B = Non-inter-level travel time spent in this place.
 C = Inter-level travel time spent in this place.
 D = Time resting spent in this place.
 E = Time spent auto-exploring this place.
 F = Levels seen in this place.
 G = Mean time per level.
                   A        B        C        D        E       F      G
               +--------+--------+--------+--------+--------+-----+--------+
         Total |  92582 |  87592 |   4990 |  18142 |  56735 |  53 | 1746.8 |
       Dungeon |  22673 |  20605 |   2068 |   1905 |  16342 |  15 | 1511.5 |
          Lair |   9641 |   9160 |    481 |   1880 |   6206 |   6 | 1606.8 |
        Shoals |   7317 |   7084 |    233 |   2109 |   3766 |   4 | 1829.2 |
   Spider Nest |   7330 |   7165 |    165 |   1487 |   4475 |   4 | 1832.5 |
  Orcish Mines |   2377 |   1921 |    456 |      0 |   1553 |   2 | 1188.5 |
   Elven Halls |   6199 |   5873 |    326 |   1499 |   3273 |   3 | 2066.3 |
        Vaults |  14313 |  13623 |    690 |   2665 |   8865 |   5 | 2862.6 |
        Depths |   9237 |   8908 |    329 |   1127 |   6621 |   5 | 1847.4 |
           Zot |  11099 |  10861 |    238 |   4779 |   4605 |   5 | 2219.8 |
         Abyss |    242 |    242 |      0 |     80 |     21 |   1 |  242.0 |
        Bazaar |    209 |    209 |      0 |      0 |     85 |   1 |  209.0 |
        Bailey |    705 |    705 |      0 |    224 |    256 |   1 |  705.0 |
      Gauntlet |   1235 |   1235 |      0 |    386 |    663 |   1 | 1235.0 |
               +--------+--------+--------+--------+--------+-----+--------+

Top non-repeatable levels by time:
   Elf:2: 3717 daAuts
Vaults:4: 3497 daAuts
Vaults:3: 3488 daAuts
   Zot:3: 3431 daAuts
Vaults:5: 3060 daAuts
  Lair:6: 2614 daAuts
     D:5: 2591 daAuts
Spider:2: 2569 daAuts
   Zot:1: 2464 daAuts
   Zot:4: 2376 daAuts
Depths:2: 2361 daAuts
Shoals:3: 2198 daAuts
  Lair:5: 2184 daAuts
Vaults:2: 2173 daAuts
     D:9: 2153 daAuts
